 Dungeon Crawl Stone Soup version 0.30.1-9-gdf580d7c3d (webtiles) character file.

Game seed: 16416982905547020475

82 CaptainMV the Chiller (level 4, -1/33 HPs)
             Began as a Draconian Ice Elementalist on Oct 2, 2023.
             Was an Initiate of Gozag.
             Slain by a river rat (4 damage)
             ... in a sewer.
             The game lasted 00:14:25 (1535 turns).

CaptainMV the Chiller (Draconian Ice Elementalist)  Turns: 1535, Time: 00:14:27

Health: -1/33      AC:  5    Str: 10    XL:     4   Next: 21%
Magic:  0/8        EV: 12    Int: 15    God:    Gozag
Gold:   317        SH:  0    Dex: 14    Spells: 4/9 levels left

rFire   . . .        b - +0 long sword
rCold   . . .        (no shield)
rNeg    . . .        (body armour unavailable)
rPois   .            (helmet restricted)
rElec   .            (no cloak)
rCorr   .            (no gloves)
SInv    .            (no boots)
Will    .....        (no amulet)
Stlth   ++           (no ring)
HPRegen 0.25/turn    (no ring)
MPRegen 0.11/turn

%: no passive effects
@: gold aura
A: AC +5, unfitting armour, cold-blooded
a: Renounce Religion, Potion Petition, Call Merchant, Bribe Branch


You were in a sewer.
You worshipped Gozag.
Gozag was aware of your devotion.
You visited 1 branch of the dungeon, and saw 3 of its levels.
You also visited: Sewer.

You collected 317 gold pieces.

Inventory:

Hand Weapons
 b - a +0 long sword (weapon)
Missiles
 g - 9 poisoned darts (quivered)
Scrolls
 d - a scroll of enchant armour
 f - 2 scrolls of magic mapping
Potions
 a - a potion of magic
 c - a potion of invisibility {unknown}
 e - a potion of curing {unknown}
 h - a potion of lignification {unknown}
 i - a potion of haste {unknown}


   Skills:
 + Level 0.3 Long Blades
 + Level 1.9 Dodging
 + Level 2.1 Stealth
 + Level 3.1 Spellcasting
 + Level 0.1 Conjurations
 + Level 4.7 Ice Magic


You had 4 spell levels left.
You knew the following spells:

 Your Spells              Type           Power      Damage    Failure   Level
a - Freeze                Ice            64%        1d7       2%          1
b - Magic Dart            Conj           8%         1d3       19%         1
c - Frozen Ramparts       Ice            32%        1d5       9%          3

Your spell library contained the following spells:

 Spells                   Type           Power      Damage    Failure   Level
 Ozocubu's Armour         Ice            16%        N/A       9%          3
 Hailstorm                Conj/Ice       9%         3d4       22%         3
 Searing Ray              Conj           4%         2d4       28%         2
 Lesser Beckoning         Tloc           4%         N/A       30%         2
 Dazzling Flash           Conj/Hex       4%         N/A       50%         3
 Gell's Gravitas          Tloc           2%         N/A       52%         3
 Teleport Other           Tloc           2%         N/A       52%         3
 Ice Form                 Ice/Tmut       9%         N/A       58%         4
 Summon Ice Beast         Ice/Summ       9%         N/A       58%         4
 Fulminant Prism          Conj/Hex       1%         3d5       88%         4
 Agony                    Necr           2%         N/A       99%         5
 Silence                  Hex/Air        1%         N/A       99%         5
 Simulacrum               Ice/Necr       Unusable   N/A       N/A         6

Dungeon Overview and Level Annotations

Branches:
Dungeon (3/15)              Sewer (1/1)

Altars:
Gozag
Ru

Shops:
D:1 [


Innate Abilities, Weirdness & Mutations

Your plain brown scales are hard. (AC +5)
You cannot fit into any form of body armour.
You are cold-blooded and may be slowed by cold attacks.


Message History

You see here 12 gold pieces.
Your unstable footing causes you to fumble your attack.
The river rat bites you. The rat barely misses you.
You now have 317 gold pieces (gained 12).
The river rat bites you but does no damage.
The rat splashes around in the water.
You closely miss the river rat. The river rat bites you.
The rat is distracted by your dazzling golden aura.
The river rat is distracted by your dazzling golden aura.
Casting: Magic Dart (safe; 19% risk of failure)
Confirm with . or Enter, or press ? or * to list all spells.
Aiming: Freeze (safe; 2% risk of failure)
Press: ? - help, Shift-Dir - straight line, f - rat
Aim: a rat You freeze the rat.
The rat is no longer distracted by gold.
The rat is heavily wounded.
The rat barely misses you.
You barely miss the rat.
The rat is heavily wounded.
The rat closely misses you.
Your unstable footing causes you to fumble your attack.
The rat splashes around in the water.
The rat bites you.
You slash the rat!
You kill the rat!
The river rat is no longer distracted by gold.
The river rat bites you!
* * * LOW HITPOINT WARNING * * *
The river rat bites you.
* * * LOW HITPOINT WARNING * * *
Casting: Freeze (safe; 2% risk of failure)
Confirm with . or Enter, or press ? or * to list all spells.
Aiming: Freeze (safe; 2% risk of failure)
Press: ? - help, Shift-Dir - straight line, f - river rat
Aim: a river rat You freeze the river rat.
The river rat is moderately wounded.
The river rat bites you.
You die...
Your body crumbles into a pile of gold.

~P~.~ #~. P~..~.#~#
.# ~.~.~~#~# .##
...~.~#~#########..#
...$~.#~#~~#~#..P..#
~~.~~.....~#~#~.P.P#
~..~..$P~..#~#.~~PP#
~~~.~.$r~~.#~#~....#
.~~.#~#@.~~#~#...~#
. # ###.~~~..~.##
####~...~.##
#.~...~.# ###.~~.~#
##########...#
#~~~~~~~~~.P.#
##########P..#
###P........#


You could see a river rat.

Vanquished Creatures
  2 adders
  A river rat (Sewer)
  A worm (D:3)
  A dart slug (D:1)
  10 endoplasms
  2 giant cockroaches
  2 hobgoblins (D:2)
  3 jackals
  5 kobolds
  4 ball pythons
  4 bats
  2 frilled lizards
  6 goblins
  7 rats
50 creatures vanquished.

Vanquished Creatures (collateral kills)
  A rat (D:3)
1 creature vanquished.

Grand Total: 51 creatures vanquished

Notes
Turn   | Place    | Note
-------+----------+-------------------------------------------
     0 | D:1      | CaptainMV the Draconian Ice Elementalist began the quest
                  | for the Orb.
     0 | D:1      | Reached XP level 1. HP: 14/14 MP: 3/3
   127 | D:1      | Reached XP level 2. HP: 2/20 MP: 0/5
   322 | D:1      | Learned a level 1 spell: Magic Dart
   350 | D:1      | Found Doidim's Armour Shoppe.
   625 | D:2      | Found a faded altar of an unknown god.
   635 | D:2      | Prayed at the altar of an unknown god.
   635 | D:2      | Became a worshipper of Gozag Ym Sagoz the Greedy
   881 | D:2      | Reached XP level 3. HP: 26/26 MP: 3/6
  1151 | D:2      | Learned a level 3 spell: Frozen Ramparts
  1314 | D:3      | Found a sacrificial altar of Ru.
  1356 | D:3      | Identified a scroll of acquirement
  1356 | D:3      | Acquired a book of the Tundra
  1390 | D:3      | Found a glowing drain.
  1417 | Sewer    | Entered a sewer
  1507 | Sewer    | Reached XP level 4. HP: 17/33 MP: 5/8
  1535 | Sewer    | Slain by a river rat

Illustrated notes

Levels and vault maps discovered:
D:1:      amcnicky_arrival_choice, layout_rooms, serial_shops, shop,
          minmay_misc_feat_doors, grunt_decor_fettered
D:2:      layout_basic, ebering_ecumenical_altar_petrified, minmay_tall_x
D:3:      layout_rooms, marbit_many_paths, lemuel_round_altar, serial_shops,
          nicolae_shop_pleasant_corner_grove, portal_sewer_entry_b,
          amcnicky_mini_pool_small, minmay_snake_closets, uniq_jessica
Sewer:    sewer_co_scattered_pipes

Skill      XL: |  1  2  3 |
---------------+----------+-----
Stealth        | 2 |  2.1
Spellcasting   | 3 |  3.1
Long Blades    | |  0.3
Dodging        | |  1.9
Conjurations   | |  0.1
Ice Magic      | |  4.7

Action                     |  1- 3 |  4- 6 || total
---------------------------+-------+-------++-------
  Melee: Long sword        |    53 |    10 ||    63
         Tailslap          |     5 |     1 ||     6
         Unarmed           |     1 |       ||     1
   Cast: Freeze            |    37 |     2 ||    39
         Magic Dart        |    16 |     3 ||    19
         Frozen Ramparts   |     2 |     1 ||     3
    Use: Scroll            |     6 |       ||     6
   Stab: Sleeping          |     4 |       ||     4
 Armour: Skin              |    26 |     2 ||    28
  Dodge: Dodged            |    51 |     5 ||    56
